 Dungeon Crawl Stone Soup version 0.29-a0-370-gb5314be063 (webtiles) character file.

Game seed: 8309938593741968648

78 Colgate the Cutter (level 4, 0/26 HPs)
             Began as a Kobold Brigand on May 2, 2022.
             Was a Believer of Sif Muna.
             Slain by an orc wizard
             ... wielding a +0 mace
              (4 damage)
             ... on level 3 of the Dungeon.
             The game lasted 00:05:49 (2631 turns).

Colgate the Cutter (Kobold Brigand)                 Turns: 2631, Time: 00:05:49

Health: 0/26       AC:  3    Str:  8    XL:     4   Next: 61%
Magic:  0/4        EV: 14    Int: 14    God:    Sif Muna [**....]
Gold:   114        SH:  0    Dex: 16    Spells: 3/3 levels left

rFire   . . .      SeeInvis .   b - +0 rapier
rCold   . . .      Faith    .   (no shield)
rNeg    . . .      Spirit   +   n - +0 robe
rPois   .          Reflect  .   (no helmet)
rElec   .          Harm     .   c - +0 cloak
rCorr   .          Rampage  .   (no gloves)
Will    .....                   (no boots)
Stlth   ++++......              f - amulet of guardian spirit
HPRegen 0.08/turn               (no ring)
MPRegen 0.09/turn               (no ring)

@: no status effects
A: small, no large weapons, nightstalker 3
a: Renounce Religion, Channel Magic


You were on level 3 of the Dungeon.
You worshipped Sif Muna.
Sif Muna was pleased with you.
You visited 1 branch of the dungeon, and saw 3 of its levels.

You collected 114 gold pieces.

Inventory:

Hand Weapons
 a - a +2 dagger
 b - a +0 rapier (weapon)
Missiles
 d - 9 poisoned darts (quivered)
 e - 5 curare-tipped darts
Armour
 c - a +0 cloak (worn)
 n - a +0 robe (worn)
Jewellery
 f - an amulet of guardian spirit (around neck)
 j - a +6 ring of dexterity
Wands
 r - a wand of acid (7) {@v1}
Scrolls
 g - a scroll of amnesia {unknown}
 k - 3 scrolls of noise
 l - a scroll of vulnerability {unknown}
 m - a scroll of enchant weapon {unknown}
 p - a scroll of enchant armour {unknown}
Potions
 h - a potion of lignification
 i - a potion of resistance {unknown}
 o - a potion of brilliance
 q - a potion of might {unknown}
 s - a potion of curing {unknown}


   Skills:
 - Level 2.1 Fighting
 - Level 6.0 Short Blades
 - Level 2.1 Throwing
 - Level 1.2 Dodging
 - Level 5.3 Stealth
 + Level 0.0 Conjurations


You had 3 spell levels left.
You didn't know any spells.
Your spell library contained the following spells:

 Spells                   Type           Power      Damage    Failure   Level
 Stone Arrow              Conj/Erth      0%         3d7       65%         3
 Animate Armour           Summ/Erth      0%         N/A       96%         4
 Lehudib's Crystal Spear  Conj/Erth      0%         10d2      100%        8


Dungeon Overview and Level Annotations

Branches:
Dungeon (3/15)

Altars:
Makhleb
Sif Muna

Annotations:
D:3 1 runed translucent door, Crazy Yiuf, Grinder


Innate Abilities, Weirdness & Mutations

You are small and have problems with some larger weapons.
You are completely attuned to the shadows.


Message History

The orc wizard flickers and vanishes!
Deactivating autopickup; reactivate with Ctrl-A.
The orc shoots a sling bullet.
The sling bullet hits you.
b - a +0 rapier (weapon)
You hit the orc.
You kill the orc!
Sif Muna accepts your kill.
You puncture the orc! The orc hits you with a +0 club.
You hit the orc but do no damage. You hit the orc. You hit the orc.
You kill the orc!
Sif Muna accepts your kill.
You hit the goblin.
You kill the goblin!
Sif Muna accepts your kill.
You hit the orc.
You kill the orc!
Sif Muna accepts your kill.
Your Short Blades skill increases to level 6!
Okay, then.
Something tries to affect you, but you resist.
Found a stone staircase leading down.
You start waiting.
An orc wizard is nearby!
You closely miss the orc wizard.
The orc wizard gestures at you while chanting.
The puff of flame hits you!
You closely miss the orc wizard. The orc wizard casts a spell at you.
The puff of flame hits you.
You hit the orc wizard. You closely miss the orc wizard.
The orc wizard points at you and mumbles some strange words.
The puff of flame hits you.
You hit the orc wizard but do no damage.
The orc wizard hits you with a +0 mace.
* * * LOW HITPOINT WARNING * * *
You closely miss the orc wizard. The orc wizard hits you with a +0 mace.
You die...

.#.#.......#.#..#.......##.......
#.#.....).#.........##.##.......
#.......#....#.#..##.##.......
#####...##.##.##.##.......
..........................
############....#.####..##.......
................#.# #..##.######
##############.##.# #..##.# #
#.o@.# #..#### # #..######..# #
##.........# # #.#####...# #.g)#
# #####.## #...# #...# # ######
#...#..# #...# ... # #....#
#...##.# #...# #+#
####....###...##.# #...# ♣♣.♣
.................## #...# ♣.♣♣


You could see an orc wizard.

Vanquished Creatures
  3 adders
  2 dart slugs
  4 orcs (D:3)
  5 ball pythons
  5 bats
  3 endoplasms (D:2)
  3 giant cockroaches
  2 goblins
  4 hobgoblins
  3 kobolds
  2 quokkas (D:1)
  2 rats
38 creatures vanquished.

Notes
Turn   | Place    | Note
-------+----------+-------------------------------------------
     0 | D:1      | Colgate the Kobold Brigand began the quest for the Orb.
     0 | D:1      | Reached XP level 1. HP: 12/12 MP: 1/1
    34 | D:1      | Reached skill level 3 in Short Blades
   556 | D:1      | Reached XP level 2. HP: 15/17 MP: 2/2
   645 | D:1      | Reached skill level 4 in Short Blades
  1267 | D:2      | Found a faded altar of an unknown god.
  1274 | D:2      | Prayed at the altar of an unknown god.
  1274 | D:2      | Became a worshipper of Sif Muna the Loreminder
  1274 | D:2      | Reached * piety under Sif Muna
  1277 | D:2      | Reached XP level 3. HP: 21/21 MP: 3/3
  1649 | D:2      | Reached skill level 5 in Short Blades
  1864 | D:2      | Reached XP level 4. HP: 26/26 MP: 4/4
  2049 | D:3      | Found a burning altar of Makhleb.
  2235 | D:3      | Noticed Grinder
  2387 | D:3      | Found a runed translucent door.
  2390 | D:3      | Noticed Crazy Yiuf
  2581 | D:3      | Reached ** piety under Sif Muna
  2582 | D:3      | Reached skill level 6 in Short Blades
  2631 | D:3      | Slain by an orc wizard

Illustrated notes

Levels and vault maps discovered:
D:1:      eino_arrival_tree_alley, layout_basic
D:2:      layout_basic, chequers_ecumenical_altar_simple, hex_medium,
          minmay_misc_feat_nine_boxes
D:3:      layout_basic, mainiacjoe_overflow_cross_hatched,
          kennysheep_generic_room_8, uniq_grinder, uniq_crazy_yiuf_cottage

Skill      XL: |  1  2  3  4 |
---------------+-------------+-----
Short Blades   | 3 4 5 6 |  6.0
Fighting       | |  2.1
Throwing       | |  2.1
Dodging        | |  1.2
Stealth        | |  5.3

Action                   |  1- 3 |  4- 6 || total
-------------------------+-------+-------++-------
Melee: Dagger            |    31 |    17 ||    48
       Rapier            |    16 |    13 ||    29
Throw: Dart              |     1 |       ||     1
  Use: Scroll            |       |     3 ||     3
 Stab: Sleeping          |    18 |     5 ||    23
Armor: Robe              |     7 |     1 ||     8
Dodge: Dodged            |    22 |     8 ||    30

Table legend: (Time is in decaauts)
 A = Elapsed time spent in this place.
 B = Non-inter-level travel time spent in this place.
 C = Inter-level travel time spent in this place.
 D = Time resting spent in this place.
 E = Time spent auto-exploring this place.
 F = Levels seen in this place.
 G = Mean time per level.
                   A        B        C        D        E       F      G
               +--------+--------+--------+--------+--------+-----+--------+
         Total |   2615 |   2557 |     58 |      3 |   2233 |   3 |  871.7 |
       Dungeon |   2615 |   2557 |     58 |      3 |   2233 |   3 |  871.7 |
               +--------+--------+--------+--------+--------+-----+--------+

Top non-repeatable levels by time:
     D:2: 985 daAuts
     D:1: 949 daAuts
     D:3: 680 daAuts
